 Dungeon Crawl Stone Soup version 0.29-a0-270-g1586fc07ea (webtiles) character file.

Game seed: 1038320715655856553

78 dolemite99 the Chopper (level 4, -3/39 HPs)
             Began as a Hill Orc Fighter on Mar 8, 2022.
             Was a Follower of the Shining One.
             Slain by a water moccasin (6 damage)
             ... on level 3 of the Dungeon.
             The game lasted 00:01:50 (2032 turns).

dolemite99 the Chopper (Hill Orc Fighter)           Turns: 2032, Time: 00:01:50

Health: -3/39      AC:  6    Str: 20    XL:     4   Next: 36%
Magic:  4/4        EV:  9    Int:  8    God:    the Shining One [*.....]
Gold:   96         SH:  4    Dex: 10    Spells: 3/3 levels left

rFire   . . .      SeeInvis .   a - +0 war axe
rCold   . . .      Faith    .   c - +0 buckler
rNeg    . . .      Spirit   .   b - +0 scale mail
rPois   .          Reflect  .   (no helmet)
rElec   .          Harm     .   (no cloak)
rCorr   .          Rampage  .   (no gloves)
Will    .....                   (no boots)
Stlth   ..........              (no amulet)
HPRegen 0.13/turn               (no ring)
MPRegen 0.09/turn               (no ring)

@: mighty, lethally poisoned (-3 -> -12), glowing
A: no striking features
a: Renounce Religion, Divine Shield


You were on level 3 of the Dungeon.
You worshipped the Shining One.
The Shining One was aware of your devotion.
You visited 1 branch of the dungeon, and saw 3 of its levels.

You collected 96 gold pieces.

Inventory:

Hand Weapons
 a - a +0 war axe (weapon)
 e - a +1 dagger of electrocution
 l - a +0 hunting sling
 s - a +0 spear of pain
Missiles
 q - a poisoned dart (quivered)
Armour
 b - a +0 scale mail (worn)
 c - a +0 buckler (worn)
Jewellery
 o - a ring of protection from fire
Scrolls
 h - a scroll of identify {unknown}
 j - a scroll of vulnerability {unknown}
 m - a scroll of magic mapping {unknown}
 n - a scroll of teleportation {unknown}
 p - a scroll of enchant armour {unknown}
 r - a scroll of noise {unknown}
Potions
 f - 2 potions of cancellation {unknown}
 g - 2 potions of curing {unknown}
 i - a potion of heal wounds {unknown}
 k - a potion of attraction {unknown}


   Skills:
 - Level 3.6 Fighting
 + Level 6.0 Axes
 - Level 3.2 Armour
 - Level 3.2 Shields


You had 3 spell levels left.
You didn't know any spells.
Your spell library contained the following spells:

 Spells                   Type           Power      Damage    Failure   Level
 Airstrike                Air            0%         N/A       100%        4
 Summon Lightning Spire   Summ/Air       0%         N/A       100%        4
 Lightning Bolt           Conj/Air       0%         1d11      100%        5


Dungeon Overview and Level Annotations

Branches:
Dungeon (3/15)

Altars:
The Shining One


Message History

Your +1 dagger of electrocution stops crackling.
a - a +0 war axe (weapon)
The water moccasin bites you.
You feel very mighty all of a sudden.
The water moccasin bites you but does no damage.
You slash the water moccasin!
The water moccasin is heavily wounded.
The water moccasin bites you.
The water moccasin bites you but does no damage.
You slash the water moccasin!
The water moccasin is severely wounded.
The water moccasin bites you.
You are poisoned.
The water moccasin poisons you! The water moccasin closely misses you.
You closely miss the water moccasin.
The water moccasin is severely wounded.
You feel very sick.
The water moccasin bites you but does no damage. x2
You slash the water moccasin!
The water moccasin is almost dead.
You feel sick. The water moccasin bites you.
You are lethally poisoned!
The water moccasin poisons you!
You barely miss the water moccasin.
The water moccasin is almost dead.
You feel very sick. The water moccasin closely misses you.
The water moccasin bites you.
You barely miss the water moccasin.
The water moccasin is almost dead.
* * * LOW HITPOINT WARNING * * *
You feel very sick. The water moccasin bites you.
* * * LOW HITPOINT WARNING * * *
You block the water moccasin's attack.
You closely miss the water moccasin.
The water moccasin is almost dead.
* * * LOW HITPOINT WARNING * * *
You feel very sick. The water moccasin bites you.
You die...

.# #...# .# .. #...# .#
... #...# .###
...###...# ...#
.........# ...#
.........###############
...#
#.......................
...#
#.......################
...#
#......@#.....#.........
...#
.....#.S......#.########
...# ....
+........#.#......# '###
... #^.......#.#.####.#
.#### ..
+...............#.#
....# .
#........#.#.#....#
....#
#........#.#.######
....#
########.#.#.......
....# #.#.########


You could see a water moccasin.

Vanquished Creatures
  2 adders (D:2)
  A dart slug (D:3)
  An orc (D:3)
  3 endoplasms
  A giant cockroach (D:1)
  9 goblins
  2 hobgoblins (D:1)
  5 jackals (D:1)
  2 quokkas
  7 ball pythons
  4 bats
  A frilled lizard (D:3)
  5 kobolds
  7 rats
50 creatures vanquished.

Notes
Turn   | Place    | Note
-------+----------+-------------------------------------------
     0 | D:1      | dolemite99 the Hill Orc Fighter began the quest for the
                  | Orb.
     0 | D:1      | Reached XP level 1. HP: 19/19 MP: 1/1
    50 | D:1      | Found a faded altar of an unknown god.
    53 | D:1      | Prayed at the altar of an unknown god.
    53 | D:1      | Became a worshipper of the Shining One
    53 | D:1      | Reached * piety under the Shining One
   100 | D:1      | Reached skill level 3 in Axes
   151 | D:1      | Reached XP level 2. HP: 26/26 MP: 2/2
   168 | D:1      | Reached skill level 4 in Axes
   403 | D:1      | Reached XP level 3. HP: 31/31 MP: 3/3
   847 | D:2      | Reached skill level 5 in Axes
  1125 | D:2      | Reached XP level 4. HP: 39/39 MP: 4/4
  1815 | D:3      | Reached skill level 6 in Axes
  2021 | D:3      | Noticed a water moccasin
  2032 | D:3      | Slain by a water moccasin

Illustrated notes

Levels and vault maps discovered:
D:1:      dpeg_arrival_arbitrary_c, layout_loops_ring,
          shapermc_ecumenical_altar_mp_vishouse, hangedman_decor_growths
D:2:      layout_basic
D:3:      layout_basic, interstate_on_off, minmay_puff

Skill      XL: |  1  2  3  4 |
---------------+-------------+-----
Axes           | 3 4 5 6 |  6.0
Fighting       | |  3.6
Armour         | |  3.2
Shields        | |  3.2

Action                   |  1- 3 |  4- 6 || total
-------------------------+-------+-------++-------
Melee: War axe           |    11 |     7 ||    18
       Dagger            |    46 |    26 ||    72
Throw: Boomerang         |    15 |       ||    15
       Dart              |       |     8 ||     8
  Use: Potion            |       |     1 ||     1
Armor: Scale mail        |    26 |    16 ||    42
Dodge: Dodged            |    24 |     9 ||    33
Block: Buckler           |    12 |     3 ||    15

Table legend: (Time is in decaauts)
 A = Elapsed time spent in this place.
 B = Non-inter-level travel time spent in this place.
 C = Inter-level travel time spent in this place.
 D = Time resting spent in this place.
 E = Time spent auto-exploring this place.
 F = Levels seen in this place.
 G = Mean time per level.
                   A        B        C        D        E       F      G
               +--------+--------+--------+--------+--------+-----+--------+
         Total |   2043 |   2000 |     43 |     88 |   1532 |   3 |  681.0 |
       Dungeon |   2043 |   2000 |     43 |     88 |   1532 |   3 |  681.0 |
               +--------+--------+--------+--------+--------+-----+--------+

Top non-repeatable levels by time:
     D:1: 842 daAuts
     D:2: 693 daAuts
     D:3: 508 daAuts
